 Dungeon Crawl Stone Soup version 0.29.0-4-gdea44cf6ec (webtiles) character file.

Game seed: 17774344849883149656

0 qw the Sneak (level 1, -6/14 HPs)
             Began as a Gargoyle Delver on Sept 10, 2022.
             Was an Initiate of Okawaru.
             Mangled by an iguana (7 damage)
             ... on level 5 of the Dungeon.
             The game lasted 00:00:02 (196 turns).

qw the Sneak (Gargoyle Delver)                       Turns: 196, Time: 00:00:03

Health: -6/14      AC:  5    Str: 15    XL:     1   Next: 0%
Magic:  1/1        EV: 11    Int: 10    God:    Okawaru [......]
Gold:   0          SH:  0    Dex: 11    Spells: 0/0 levels left

rFire   . . .      SeeInvis .   a - +0 hand axe
rCold   . . .      Faith    .   (no shield)
rNeg    + . .      Spirit   .   b - +0 leather armour
rPois   inf        Reflect  .   (no helmet)
rElec   +          Harm     .   (no cloak)
rCorr   .          Rampage  .   (no gloves)
Will    .....                   (no boots)
Stlth   +++.......              (no amulet)
HPRegen 0.04/turn               (no ring)
MPRegen 0.07/turn               (no ring)

@: no status effects
A: sickness immunity, AC +2, negative energy resistance 1, electricity
resistance, torment resistance 1, petrification resistance
a: Renounce Religion


You were on level 5 of the Dungeon.
You worshipped Okawaru.
Okawaru was noncommittal.
You visited 2 branches of the dungeon, and saw 2 of its levels.


Innate Abilities, Weirdness & Mutations

You are immune to sickness and miasma.
Your stone body is resilient. (AC +2)
You are immune to poison.
You resist negative energy. (rN+)
You are resistant to electric shocks. (rElec)
You are resistant to unholy torment.
You are immune to petrification.


   Skills:
 - Level 3.2 Fighting
 + Level 1.7 Axes
 - Level 1.5 Dodging
 - Level 5.4 Stealth


You couldn't memorise any spells.
You didn't know any spells.
Your spell library was empty.

Inventory:

Hand Weapons
 a - a +0 hand axe (weapon)
Armour
 b - a +0 leather armour (worn)
Wands
 g - a wand of digging (3)
Potions
 f - a potion of haste

Dungeon Overview and Level Annotations

Branches:
Dungeon (5/15)             Temple (1/1) D:5

Altars:
Fedhas
Makhleb
Okawaru
Qazlal
Ru
Sif Muna
Trog
Vehumet
The Shining One


Message History

Okawaru welcomes you!
Press < or > to pray at altars.
Press < or > to pray at altars.
Press < or > to pray at altars.
Press < or > to pray at altars.
Done exploring.
Press < or > to pray at altars.
Press < or > to pray at altars.
(D) Dungeon (T) Temple
Where to? (* - list waypoints, Enter - Temple @ (x,y), ? - help)
What level of the Dungeon? (default 5, ? - help) Press < or > to pray at altars.
There is an open door here.
You open the door.
There is an open door here.
There is a staircase back to the Dungeon here.
You climb upwards.
There is a staircase to the Ecumenical Temple here. 2 orcs come into view.
The orc shouts!
You hear a shout!
You hear an angry hiss.
191 ||| Stepping ~*~*~tactically~*~*~ (stealth).
An orc and an iguana come into view.
The iguana hisses angrily.
You hear a shout!
193 ||| Stepping ~*~*~tactically~*~*~ (stealth).
An orc comes into view. It is wielding a +0 short sword.
You hit the iguana.
The iguana is lightly wounded.
The iguana bites you!
Ouch! That really hurt!
A phantom comes into view.
You closely miss the iguana.
The iguana is lightly wounded.
You hit the orc. The iguana barely misses you. The orc closely misses you.
You hit the orc.
You kill the orc!
Okawaru accepts your kill.
You closely miss the iguana. The iguana bites you. The iguana bites you!
Ouch! That really hurt!
You die...

# #. #.o
##.######
.#...#...#
...W..o}.# .
#l@.# .### ##
##.## ..##.
#...# ##.#.
#.>.# ....#
#...# #..# ###
##.## #..## ##.#
#..# #.#.##
##.####.##
#.##.###.....?.#


You could see a phantom, an iguana and an orc.

Vanquished Creatures
  An orc (D:5)
1 creature vanquished.

Notes
Turn   | Place    | Note
-------+----------+-------------------------------------------
     0 | D:5      | qw the Gargoyle Delver began the quest for the Orb.
     0 | D:5      | Reached XP level 1. HP: 14/14 MP: 1/1
     0 | D:5      | 0 ||| qw: Version: 0.1-a-116-g5d60599
     0 | D:5      | 0 ||| qw: Game counter: 7915
     0 | D:5      | 0 ||| qw: Always use a shield: true
     0 | D:5      | 0 ||| qw: God list: Okawaru
     0 | D:5      | 0 ||| qw: Allow faded altars: false
     0 | D:5      | 0 ||| qw: Do Orc after D:15 true
     0 | D:5      | 0 ||| qw: Do second Lair branch before Depths: true
     0 | D:5      | 0 ||| qw: Lair rune preference: random
     0 | D:5      | 0 ||| qw: Plans: Normal
     0 | D:5      | 0 ||| PLANNING D:1-11
    51 | D:5      | Found a staircase to the Ecumenical Temple.
    52 | D:5      | 52 ||| PLANNING TEMPLE
    52 | D:5      | 52 ||| DROPPING scroll of fog.
    53 | D:5      | 53 ||| DROPPING scroll of magic mapping.
    54 | D:5      | 54 ||| DROPPING scroll of fear.
    63 | Temple   | Entered the Ecumenical Temple
   177 | Temple   | 177 ||| PLANNING D:1-11
   178 | Temple   | Became a worshipper of Warmaster Okawaru
   191 | D:5      | 191 ||| Stepping ~*~*~tactically~*~*~ (stealth).
   192 | D:5      | Noticed an iguana
   193 | D:5      | 193 ||| Stepping ~*~*~tactically~*~*~ (stealth).
   194 | D:5      | Noticed a phantom
   196 | D:5      | HP: 1/14 [iguana (4)]
   196 | D:5      | Mangled by an iguana

Levels and vault maps discovered:
D:5:      layout_loops_ring, minmay_temple_entry_nine_rooms,
          uniq_crazy_yiuf_cottage
Temple:   nicolae_temple_figure_zero

Action                   || total
-------------------------++-------
Melee: Hand axe          ||     3
Dodge: Dodged            ||     2

Table legend:
 A = Non-vault XP
 B = Vault XP
 C = Vault XP percentage of total XP
 D = Non-vault monster count
 E = Vault monster count
 F = Vault count percentage of total count
                 A         B        C        D         E       F
            +---------+---------+-------+---------+---------+-------
      Total |       3 |       0 |   0.0 |       1 |       0 |   0.0
            +---------+---------+-------+---------+---------+-------
        D:5 |       3 |       0 |   0.0 |       1 |       0 |   0.0
            +---------+---------+-------+---------+---------+-------
